 Dungeon Crawl Stone Soup version 0.24.0-1-gfbc8707 (webtiles) character file.

Game seed: 16344637036126402891, levelgen mode: deterministic

4816 Buxparty the Nimble (level 10, -7/73 HPs)
             Began as a Spriggan Assassin on Jan 1, 2020.
             Was a Follower of Dithmenos.
             Mangled by a daeva
             ... wielding a +5 scimitar of holy wrath
             ... created by the Shining One
              (13 damage)
             ... on level 8 of the Dungeon.
             The game lasted 00:50:37 (10287 turns).

Buxparty the Nimble (Spriggan Assassin)            Turns: 10287, Time: 00:50:38

Health: -7/73      AC: 29    Str: 10    XL:     10   Next: 24%
Magic:  11/11      EV:  4    Int: 12    God:    Dithmenos [*.....]
Gold:   425        SH:  0    Dex: 19    Spells: 9/9 levels left

rFire    . . .     SeeInvis +   a - +2 dagger (speed)
rCold    + . .     Gourm    .   (shield restricted)
rNeg     + + +     Faith    .   (armour currently unavailable)
rPois    +         Spirit   .   (helmet currently unavailable)
rElec    .         Reflect  .   (cloak currently unavailable)
rCorr    .         Harm     .   (gloves unavailable)
MR       +....     NoTele   +   (boots unavailable)
Stlth    +++++.....             (no amulet)
HPRegen  0.22/turn              s - +4 ring of protection
MPRegen  0.12/turn              C - ring of protection from cold

@: tree-form, slowed, very slow
A: very small, unfitting armour, see invisible, herbivore, slow metabolism 2
a: Renounce Religion


You were on level 8 of the Dungeon.
You worshipped Dithmenos.
Dithmenos was aware of your devotion.
You were full.
You were a tree.
You visited 1 branch of the dungeon, and saw 8 of its levels.
You also visited: Sewer.

You collected 425 gold pieces.

Inventory:

Hand Weapons
 a - a +2 dagger of speed (weapon)
 b - a +1 hunting sling
Missiles
 d - 9 poisoned darts (quivered)
 i - 46 sling bullets
Armour
 c - a +1 cloak (melded)
 j - a +0 robe
 B - a +2 robe of the Archmagi (melded)
Jewellery
 s - a +4 ring of protection (left branch)
 C - a ring of protection from cold (right branch)
Wands
 o - a wand of iceblast (16)
 y - a wand of paralysis (8)
Scrolls
 h - 12 scrolls of identify
 k - 4 scrolls of remove curse
 m - 3 scrolls of fear
 n - 2 scrolls of random uselessness
 u - 2 scrolls of teleportation
 v - a scroll of fog
 w - 2 scrolls of enchant weapon
 z - a scroll of magic mapping {unknown}
 D - 3 scrolls of blinking
 E - a scroll of immolation {unknown}
 F - a scroll of amnesia {unknown}
Potions
 e - a potion of flight
 g - 4 potions of lignification
 l - 2 potions of resistance {unknown}
 p - 4 potions of curing
 q - a potion of invisibility {unknown}
 r - a potion of cancellation {unknown}
 t - a potion of berserk rage {unknown}
 x - 3 potions of heal wounds {unknown}
 A - a potion of mutation {unknown}
 G - 2 potions of degeneration {unknown}
 H - a potion of magic {unknown}
Comestibles
 f - 14 rations


   Skills:
 * Level 3.2 Fighting
 + Level 9.8 Short Blades
 + Level 6.7(6.9) Slings
 - Level 2.0(4.0) Throwing
 - Level 11.6 Dodging
 - Level 11.1 Stealth


You had 9 spell levels left.
You didn't know any spells.
Your spell library contained the following spells:

 Spells                   Type           Power        Failure   Level  Hunger
 Sting                    Conj/Pois      #...         32%         1    ##.....
 Poisonous Vapours        Pois/Air       #.....       45%         2    ###....
 Mephitic Cloud           Conj/Pois/Air  #.......     69%         3    ####...
 Olgreb's Toxic Radiance  Pois           #.......     97%         4    #####..
 Venom Bolt               Conj/Pois      #.........   100%        5    ######.


Dungeon Overview and Level Annotations

Branches:
Dungeon (8/15)             Temple (0/1) D:6           Sewer (visited)
   Lair: D:8-11

Altars:
Dithmenos
Fedhas
Hepliaklqana
Kikubaaqudgha
Uskayaw
The Shining One


Innate Abilities, Weirdness & Mutations

You are very small and have problems with some larger weapons.
You are too small for most types of armour.
You have supernaturally acute eyesight. (SInv)
You are a herbivore.
((You cover ground extremely quickly.))
You need to consume almost no food.


Message History

Your +1 cloak melds into your body.
Your +2 robe of the Archmagi melds into your body.
You feel strangely numb.
Your roots penetrate the ground.
You feel strangely stable.
The daeva hits you with a +5 eudemon blade of holy wrath. x2
* * * LOW HITPOINT WARNING * * *
The daeva hits you but does no damage.
The daeva hits you with a +5 scimitar of holy wrath.
* * * LOW HITPOINT WARNING * * *
The daeva hits you but does no damage. x2
The daeva hits you with a +5 scimitar of holy wrath!
* * * LOW HITPOINT WARNING * * *
The daeva hits you with a +5 scimitar of holy wrath.
* * * LOW HITPOINT WARNING * * *
Unknown command.
Unknown command.
Unknown command.
The daeva hits you but does no damage. x2
The daeva hits you with a +5 scimitar of holy wrath!
You die...

# #.######.###8.#. #. # .# #.# #
#. # .# #.#####################.
# ^# #......)...........))##.
###.# ###############..###.###
....# #..# #.# .#### #..# #.###
#.######################..###....
##.............A♣AA..........####
#.#######################.#..# .#
#.#..# ####### #.#..# .......
#.#..# # ####### #.#..#### .##
#...<.... ..# ###..#### .##
######..###


You could see 2 daevas and an angel.

Vanquished Creatures
  A two-headed ogre (D:8)
  A skeletal warrior (D:7)
  Sigmund (D:6)
  A hungry ghost (D:8)
  A sky beast (D:7)
  An orc warrior (D:8)
  6 ogres
  A necrophage (D:8)
  A centaur (D:8)
  A big kobold (Sewer)
  Blork the orc (D:4)
  3 bullfrogs
  A wyvern zombie (D:8)
  3 wights (D:7)
  12 killer bees (D:8)
  5 howler monkeys
  4 crimson imps
  A bullfrog zombie (D:7)
  2 hounds (D:4)
  A jelly (D:7)
  4 orc priests
  A bullfrog skeleton (D:5)
  A centaur skeleton (D:5)
  4 orc wizards
  3 iguanas
  5 worker ants
  A killer bee zombie (D:6)
  2 hound skeletons
  2 worker ant zombies (D:7)
  5 adders
  14 gnolls
  11 river rats
  4 shadow imps
  2 oozes
  An adder zombie (D:6)
  3 worms
  2 dart slugs
  4 leopard geckos
  23 orcs
  11 bats
  3 giant cockroaches
  8 goblins
  7 hobgoblins
  16 jackals
  5 quokkas
  3 frilled lizards
  A jackal skeleton (D:4)
  10 kobolds
  21 rats
225 creatures vanquished.

Notes
Turn   | Place    | Note
-------+----------+-------------------------------------------
     0 | D:1      | Buxparty the Spriggan Assassin began the quest for the Orb.
     0 | D:1      | Reached XP level 1. HP: 10/10 MP: 2/2
   130 | D:1      | Reached XP level 2. HP: 13/14 MP: 3/3
   979 | D:2      | Reached XP level 3. HP: 16/18 MP: 4/4
  2081 | D:2      | Found a faded altar of an unknown god.
  2086 | D:2      | Became a worshipper of the Shining One
  2086 | D:2      | Reached * piety under the Shining One
  2087 | D:2      | Fell from the grace of the Shining One
  2286 | D:3      | Reached XP level 4. HP: 22/22 MP: 5/5
  2895 | D:3      | Reached XP level 5. HP: 25/25 MP: 6/6
  3023 | D:3      | Found a hazy altar of Hepliaklqana.
  3243 | D:4      | Noticed an ogre
  3260 | D:4      | Killed an ogre
  3280 | D:4      | Reached XP level 6. HP: 30/30 MP: 7/7
  3296 | D:4      | Reached skill level 5 in Dodging
  3442 | D:4      | Noticed Blork the orc
  3490 | D:4      | Reached skill level 5 in Short Blades
  3490 | D:4      | Reached skill level 1 in Slings
  3603 | D:4      | Reached XP level 7. HP: 29/33 MP: 8/8
  3707 | D:4      | Killed Blork the orc
  3921 | D:4      | Found a glowing drain.
  3930 | Sewer    | Entered a sewer
  4244 | Sewer    | Found a white marble altar of Elyvilon.
  4964 | D:5      | Entered Level 5 of the Dungeon
  5191 | D:5      | Reached XP level 8. HP: 37/37 MP: 9/9
  5393 | D:5      | HP: 1/37 [orc priest/divine providence (13)]
  7176 | D:6      | Noticed Sigmund
  7179 | D:6      | Killed Sigmund
  7269 | D:6      | Found a shadowy altar of Dithmenos.
  7361 | D:6      | Found a hide-covered altar of Uskayaw.
  7519 | D:6      | Found an ancient bone altar of Kikubaaqudgha.
  7526 | D:6      | Became a worshipper of Dithmenos the Shadowed
  7647 | D:6      | Reached skill level 10 in Stealth
  7702 | D:6      | Noticed an angel
  7765 | D:6      | Found a staircase to the Ecumenical Temple.
  8092 | D:6      | Reached XP level 9. HP: 41/41 MP: 10/10
  8502 | D:7      | Noticed a skeletal warrior
  8502 | D:7      | Noticed a skeletal warrior
  8502 | D:7      | Noticed a skeletal warrior
  8505 | D:7      | Killed a skeletal warrior
  8505 | D:7      | Reached skill level 5 in Slings
  8505 | D:7      | Reached skill level 10 in Dodging
  8798 | D:7      | Reached * piety under Dithmenos
  9050 | D:8      | Noticed a two-headed ogre
  9111 | D:8      | Killed a two-headed ogre
  9492 | D:8      | Noticed a daeva
  9549 | D:8      | Noticed a queen bee
  9632 | D:8      | Reached XP level 10. HP: 39/46 MP: 11/11
  9678 | D:8      | Found a blossoming altar of Fedhas.
 10283 | D:8      | Noticed a daeva
 10283 | D:8      | Noticed a daeva
 10283 | D:8      | Noticed an angel
 10287 | D:8      | Mangled by a daeva

Levels and vault maps discovered:
D:1:      saegor_arrival_miasma, layout_basic, dk_noncrumbling_2
D:2:      layout_rooms, chequers_ecumenical_altar_lobes, minmay_misc_feat_doors
D:3:      layout_basic, marbit_many_paths, chequers_serial_rivers_micro_b,
          minmay_circle_x
D:4:      layout_basic, cheibrodos_sewer_entry_bend, cheibrodos_gnoll_hut,
          uniq_blork_the_orc
D:5:      layout_loops_corners, first_ration, hangedman_abyss_or_decor_slice,
          dk_rats_in_the_wall
D:6:      layout_rooms, grunt_temple_overflow_open,
          eat_drink_and_be_merry_uskayaw, minmay_temple_entry_large_hall,
          uniq_sigmund
D:7:      layout_basic
D:8:      layout_loops_ring, lemuel_crystal_altar, minitemple, david_nohive_1

Skill      XL: |  1  2  3  4  5  6  7  8  9 10 |
---------------+-------------------------------+-----
Dodging        | 2 3 4 6 7 9 11 | 11.6
Stealth        | 6 7 8 9 10 11 | 11.1
Short Blades   | 3 4 5 6 7 9 |  9.8
Slings         | 1 3 4 6 |  6.7
Fighting       | 2 3 |  3.2
Throwing       | |  2.0

Action                   |  1- 3 |  4- 6 |  7- 9 | 10-12 || total
-------------------------+-------+-------+-------+-------++-------
Melee: Dagger            |   122 |   134 |   686 |   255 ||  1197
 Fire: Hunting sling     |       |       |   161 |       ||   161
Throw: Dart              |    24 |    34 |    58 |     6 ||   122
Invok: Renounce Religion |     1 |       |       |       ||     1
  Use: Potion            |       |       |     1 |     2 ||     3
       Scroll            |       |       |     8 |     1 ||     9
 Stab: Sleeping          |    15 |    12 |    26 |     1 ||    54
       Distracted        |       |     1 |     2 |       ||     3
  Eat: Ration            |     2 |       |     4 |     1 ||     7
Armor: Robe              |    11 |    10 |    34 |     7 ||    62
       Skin              |       |       |       |     5 ||     5
Dodge: Dodged            |    85 |   113 |   325 |   134 ||   657
